BR
AMITY GARDENS WESTERNERS @ FORT COLLINS COMMONERS
09/25/2026
 
TOP OF THE 1ST
Amity Gardens Westerners batting - Pitching for Fort Collins Commoners : LHP Tim Davidson
Pitching: LHP Tim Davidson
Batting: SHB Ricky Edwards 0-0: Ball
1-0: Ball
2-0: Called Strike
2-1: SOLO HOME RUN (Flyball, 8RXD), Distance : 448 ft
Batting: RHB León Delgado 0-0: Ball
1-0: DOUBLE (Line Drive, 7M)
Batting: RHB Mike Allen 0-0: DOUBLE (Line Drive, 5L)
León Delgado scores
Batting: RHB Foster Hapgood 0-0: Ball
1-0: Ball
2-0: Called Strike
2-1: Foul Ball, location: 2F
2-2: Foul Ball, location: 2F
2-2: Ball
3-2: Base on Balls
Batting: RHB António Molina 0-0: Ball
1-0: Ball
2-0: Ball
3-0: Called Strike
3-1: SINGLE (Line Drive, 7S)
Mike Allen to third
Foster Hapgood to second
Batting: RHB Cisco López 0-0: Fly out, F9 (Flyball, 9M)
Runner from 3rd tags up, SCORES, throw made
Batting: RHB Mario López 0-0: Ball
1-0: Foul Ball, location: 2F
1-1: Called Strike
1-2: Ball
2-2: Strikes out swinging
Batting: RHB Ramiro Sierra 0-0: Called Strike
0-1: Called Strike
0-2: Ball
1-2: Strikes out swinging
Top of the 1st over - 3 run(s), 4 hit(s), 0 error(s), 2 left on base; Amity Gardens 3 - Fort Collins 0
BOTTOM OF THE 1ST
Fort Collins Commoners batting - Pitching for Amity Gardens Westerners : LHP Mario López
Pitching: LHP Mario López
Batting: RHB Dennis Garner 0-0: Foul Ball, location: 2F
0-1: Ball
1-1: Foul Ball, location: 2F
1-2: Strikes out looking
Batting: SHB José Gonzáles 0-0: Called Strike
0-1: Ball
1-1: Called Strike
1-2: Foul Ball, location: 2F
1-2: Foul Ball, location: 2F
1-2: Ball
2-2: Ball
3-2: SINGLE (Groundball, 4)
Batting: RHB Rich Henley 0-0: Ball
1-0: Ball
2-0: Fly out, F8 (Flyball, 8LM)
Batting: LHB Miguel Arteaga 0-0: Ball
1-0: Ball
2-0: Ball
3-0: Called Strike
3-1: SINGLE (Flyball, 7S)
José Gonzáles to second
Batting: RHB Pedro García 0-0: Called Strike
0-1: Swinging Strike
0-2: Ball
1-2: SINGLE (Popup, 89S)
José Gonzáles to third
Miguel Arteaga to second
Runner from 3rd tries for Home, SAFE, no throw or cutoff
Batting: RHB Francisco Fernández 0-0: Called Strike
0-1: SINGLE (Line Drive, 6D)
Miguel Arteaga to third
Pedro García to second
Batting: RHB Juan Castillo 0-0: Ball
Passed Ball!
Miguel Arteaga scores
Pedro García to third
Francisco Fernández to second
1-0: Ball
2-0: SINGLE (Groundball, 56D)
Pedro García scores
Francisco Fernández to third
Runner from 3rd tries for Home, SAFE, no throw or cutoff
Batting: RHB Monty Crawford 0-0: Ball
1-0: Ball
2-0: Fly out, F8 (Line Drive, 8LM)
Bottom of the 1st over - 4 run(s), 5 hit(s), 0 error(s), 1 left on base; Amity Gardens 3 - Fort Collins 4
TOP OF THE 2ND
Amity Gardens Westerners batting - Pitching for Fort Collins Commoners : LHP Tim Davidson
Batting: LHB Dan Thompson 0-0: Called Strike
0-1: Swinging Strike
0-2: SINGLE (Line Drive, 34D)
Batting: SHB Ricky Edwards 0-0: Ball
1-0: Ball
2-0: SINGLE (Line Drive, 78M)
Dan Thompson to second
Batting: RHB León Delgado 0-0: Called Strike
0-1: Ball
1-1: Foul Ball, location: 2F
1-2: Ball
2-2: Strikes out looking
Batting: RHB Mike Allen 0-0: Foul Ball, location: 2F
0-1: Fly out, F8 (Flyball, 8RM)
Batting: RHB Foster Hapgood 0-0: Swinging Strike
0-1: Fly out, F9 (Flyball, 89XD)
Top of the 2nd over - 0 run(s), 2 hit(s), 0 error(s), 2 left on base; Amity Gardens 3 - Fort Collins 4
BOTTOM OF THE 2ND
Fort Collins Commoners batting - Pitching for Amity Gardens Westerners : LHP Mario López
Batting: RHB Walter Brown 0-0: Ball
1-0: Called Strike
1-1: Ball
2-1: Fly out, F8 (Flyball, 8LM)
Batting: RHB Dennis Garner 0-0: Called Strike
0-1: Foul Ball, location: 2F
0-2: SINGLE (Groundball, 5)
Batting: SHB José Gonzáles 0-0: Ball
1-0: Fielders Choice at 2nd, 5-4 (Groundball, 56)
Batting: RHB Rich Henley 0-0: Called Strike
0-1: Ball
1-1: Ground out 5-3 (Groundball, 5)
Bottom of the 2nd over - 0 run(s), 1 hit(s), 0 error(s), 1 left on base; Amity Gardens 3 - Fort Collins 4
TOP OF THE 3RD
Amity Gardens Westerners batting - Pitching for Fort Collins Commoners : LHP Tim Davidson
Batting: RHB António Molina 0-0: Called Strike
0-1: Ball
1-1: Called Strike
1-2: Strikes out looking
Batting: RHB Cisco López 0-0: Swinging Strike
0-1: Called Strike
0-2: Foul Ball, location: 2F
0-2: Ball
1-2: Foul Ball, location: 2F
1-2: Strikes out swinging
Batting: RHB Mario López 0-0: Ground out 4-3 (Groundball, 4D)
Top of the 3rd over - 0 run(s), 0 hit(s), 0 error(s), 0 left on base; Amity Gardens 3 - Fort Collins 4
BOTTOM OF THE 3RD
Fort Collins Commoners batting - Pitching for Amity Gardens Westerners : LHP Mario López
Batting: LHB Miguel Arteaga 0-0: Ball
1-0: Ball
2-0: Ground out 4-3 (Groundball, 4)
Batting: RHB Pedro García 0-0: Ball
1-0: Swinging Strike
1-1: Swinging Strike
1-2: Ball
2-2: SINGLE (Flyball, 78S)
Batting: RHB Francisco Fernández 0-0: DOUBLE (Flyball, 9LM)
Pedro García to third
Runner from 3rd tries for Home, SAFE, no throw or cutoff
Batting: RHB Juan Castillo 0-0: Called Strike
0-1: Ball
1-1: Called Strike
1-2: Ball
2-2: SINGLE (Groundball, 6)
Francisco Fernández to third
Runner from 3rd tries for Home, SAFE, no throw or cutoff
Batting: RHB Monty Crawford 0-0: Ball
Juan Castillo steals 2nd base
1-0: Ball
2-0: Foul Ball, location: 2F
2-1: Ball
3-1: Ground out 1-3 (Groundball, 13S)
Juan Castillo to third
Batting: RHB Walter Brown 0-0: Ball
1-0: Ball
Steal of home, Juan Castillo is out
Bottom of the 3rd over - 2 run(s), 3 hit(s), 0 error(s), 0 left on base; Amity Gardens 3 - Fort Collins 6
TOP OF THE 4TH
Amity Gardens Westerners batting - Pitching for Fort Collins Commoners : LHP Tim Davidson
Batting: RHB Ramiro Sierra 0-0: Ball
1-0: Foul Ball, location: 2F
1-1: Ground out 6-3 (Groundball, 56)
Batting: LHB Dan Thompson 0-0: Called Strike
0-1: Fly out, F8 (Flyball, 8LXD)
Batting: SHB Ricky Edwards 0-0: SINGLE (Line Drive, 56)
Batting: RHB León Delgado 0-0: Ball
1-0: Foul Ball, location: 2F
1-1: Called Strike
Ricky Edwards steals 2nd base
1-2: Fly out, F7 (Flyball, 78M)
Top of the 4th over - 0 run(s), 1 hit(s), 0 error(s), 1 left on base; Amity Gardens 3 - Fort Collins 6
BOTTOM OF THE 4TH
Fort Collins Commoners batting - Pitching for Amity Gardens Westerners : LHP Mario López
Batting: RHB Walter Brown 0-0: SOLO HOME RUN (Flyball, 7D), Distance : 388 ft
Batting: RHB Dennis Garner 0-0: Swinging Strike
0-1: Foul Ball, location: 2F
0-2: Strikes out swinging
Batting: SHB José Gonzáles 0-0: Ball
1-0: Ball
2-0: Called Strike
2-1: Ball
3-1: Foul Ball, location: 2F
3-2: Fly out, F4 (Popup, 4MD)
Batting: RHB Rich Henley 0-0: Foul Ball, location: 2F
0-1: Fly out, F9 (Flyball, 9M)
Bottom of the 4th over - 1 run(s), 1 hit(s), 0 error(s), 0 left on base; Amity Gardens 3 - Fort Collins 7
TOP OF THE 5TH
Amity Gardens Westerners batting - Pitching for Fort Collins Commoners : LHP Tim Davidson
Batting: RHB Mike Allen 0-0: DOUBLE (Groundball, 5L)
Batting: RHB Foster Hapgood 0-0: Swinging Strike
0-1: Ball
1-1: Ball
2-1: Foul Ball, location: 2F
2-2: Ball
3-2: Ground out 4-3 (Groundball, 4)
Mike Allen to third
Batting: RHB António Molina 0-0: Called Strike
0-1: Called Strike
0-2: Strikes out swinging
Batting: RHB Cisco López 0-0: Swinging Strike
0-1: Ball
1-1: Swinging Strike
1-2: Foul Ball, location: 2F
1-2: Strikes out swinging
Top of the 5th over - 0 run(s), 1 hit(s), 0 error(s), 1 left on base; Amity Gardens 3 - Fort Collins 7
BOTTOM OF THE 5TH
Fort Collins Commoners batting - Pitching for Amity Gardens Westerners : LHP Mario López
Batting: LHB Miguel Arteaga 0-0: Called Strike
0-1: Called Strike
0-2: Ball
1-2: SINGLE (Flyball, 8LS)
Batting: RHB Pedro García 0-0: Ball
1-0: Swinging Strike
1-1: Ball
2-1: Swinging Strike
2-2: Ground out 1-3 (Groundball, 34S)
Miguel Arteaga to second
Batting: RHB Francisco Fernández 0-0: Ball
Throwing error on steal attempt, E2
Miguel Arteaga scores
1-0: Ball
2-0: Ball
3-0: Called Strike
3-1: Base on Balls
Batting: RHB Juan Castillo 0-0: Ball
1-0: Swinging Strike
1-1: Foul Ball, location: 2F
1-2: Reached on error, E6 (Groundball, 6M)
Francisco Fernández to second
Batting: RHB Monty Crawford 0-0: Ball
Francisco Fernández steals 3rd base
Juan Castillo to second
1-0: Foul Ball, location: 2F
1-1: Called Strike
1-2: Ball
2-2: Ground out 5-3 (Groundball, 56S)
Francisco Fernández scores
Juan Castillo to third
Batting: RHB Walter Brown 0-0: Called Strike
0-1: Called Strike
0-2: Ball
1-2: Foul Ball, location: 2F
1-2: Fly out, F9 (Flyball, 9M)
Bottom of the 5th over - 2 run(s), 1 hit(s), 2 error(s), 1 left on base; Amity Gardens 3 - Fort Collins 9
TOP OF THE 6TH
Amity Gardens Westerners batting - Pitching for Fort Collins Commoners : LHP Tim Davidson
Pitching: RHP Oscar Murray
Batting: RHB Mario López 0-0: Called Strike
0-1: Ball
1-1: Ball
2-1: Foul Ball, location: 2F
2-2: Fly out, F8 (Flyball, 8RM)
Batting: RHB Ramiro Sierra 0-0: Fly out, F8 (Line Drive, 8LM)
Batting: LHB Dan Thompson 0-0: Ball
1-0: Ball
2-0: Ground out 4-3 (Groundball, 4M)
Top of the 6th over - 0 run(s), 0 hit(s), 0 error(s), 0 left on base; Amity Gardens 3 - Fort Collins 9
BOTTOM OF THE 6TH
Fort Collins Commoners batting - Pitching for Amity Gardens Westerners : LHP Mario López
Pitching: RHP José Moreno
Batting: RHB Dennis Garner 0-0: Fly out, F8 (Flyball, 8RM)
Batting: SHB José Gonzáles 0-0: Called Strike
0-1: Ball
1-1: Foul Ball, location: 2F
1-2: Ball
2-2: Foul Ball, location: 2F
2-2: SINGLE (Flyball, 7S)
Batting: RHB Rich Henley 0-0: Ball
1-0: Ball
2-0: Hit by Pitch
José Gonzáles to second
Batting: LHB Miguel Arteaga 0-0: Ball
1-0: TRIPLE (Line Drive, 3D)
José Gonzáles scores
Rich Henley scores
Batting: RHB Pedro García 0-0: Foul Ball, location: 2F
0-1: Ball
1-1: SINGLE (Groundball, 34)
Miguel Arteaga scores
Batting: RHB Francisco Fernández 0-0: Ball
1-0: Foul Ball, location: 2F
1-1: Ball
2-1: Fly out, F4 (Popup, 4M)
Batting: RHB Juan Castillo 0-0: Ball
Pedro García steals 2nd base
1-0: Foul Ball, location: 2F
1-1: Called Strike
1-2: Ball
2-2: Ball
3-2: SINGLE (Line Drive, 56D)
Pedro García to third
Pedro García scores
Batting: RHB Monty Crawford 0-0: Ball
Juan Castillo steals 2nd base
1-0: Ball
2-0: Foul Ball, location: 2F
2-1: Foul Ball, location: 2F
2-2: Ground out 5-3 (Groundball, 5S)
Bottom of the 6th over - 4 run(s), 4 hit(s), 0 error(s), 1 left on base; Amity Gardens 3 - Fort Collins 13
TOP OF THE 7TH
Amity Gardens Westerners batting - Pitching for Fort Collins Commoners : RHP Oscar Murray
Batting: SHB Ricky Edwards 0-0: Foul Ball, location: 2F
0-1: Ball
1-1: Fly out, F9 (Flyball, 9M)
Batting: RHB León Delgado 0-0: Ball
1-0: Foul Ball, location: 2F
1-1: Swinging Strike
1-2: Strikes out swinging
Batting: RHB Mike Allen 0-0: Called Strike
0-1: Swinging Strike
0-2: Foul Ball, location: 2F
0-2: Strikes out swinging
Top of the 7th over - 0 run(s), 0 hit(s), 0 error(s), 0 left on base; Amity Gardens 3 - Fort Collins 13
BOTTOM OF THE 7TH
Fort Collins Commoners batting - Pitching for Amity Gardens Westerners : RHP José Moreno
Batting: RHB Walter Brown 0-0: Called Strike
0-1: Called Strike
0-2: Foul Ball, location: 2F
0-2: SINGLE (Groundball, 4M)
Batting: RHB Dennis Garner 0-0: Called Strike
0-1: Swinging Strike
0-2: SINGLE (Groundball, 56D)
Walter Brown to second
Batting: SHB José Gonzáles 0-0: Ball
1-0: Sac Bunt - play at first, batter OUT! 1-4
Walter Brown to third
Dennis Garner to second
Batting: RHB Rich Henley 0-0: Ball
1-0: Ball
2-0: Called Strike
2-1: Foul Ball, location: 2F
2-2: Foul Ball, location: 2F
2-2: Ball
3-2: Base on Balls
Batting: LHB Miguel Arteaga 0-0: Called Strike
0-1: Foul Ball, location: 2F
0-2: Ball
1-2: Ball
2-2: Foul Ball, location: 2F
2-2: Ball
3-2: Foul Ball, location: 2F
3-2: Base on Balls
Walter Brown scores
Dennis Garner to third
Rich Henley to second
Batting: RHB Pedro García 0-0: Ball
1-0: Foul Ball, location: 2F
1-1: Ball
2-1: Called Strike
2-2: Ball
3-2: Base on Balls
Dennis Garner scores
Rich Henley to third
Miguel Arteaga to second
Pinch Hitting: RHB Glen French 0-0: Ball
1-0: SINGLE (Line Drive, 89S)
Rich Henley scores
Miguel Arteaga to third
Pedro García to second
Batting: RHB Juan Castillo 0-0: Ball
1-0: Ball
2-0: Ball
3-0: Base on Balls
Miguel Arteaga scores
Pedro García to third
Glen French to second
Batting: RHB Monty Crawford 0-0: Ball
Passed Ball!
Pedro García scores
Glen French to third
Juan Castillo to second
1-0: Foul Ball, location: 2F
1-1: SINGLE (Line Drive, 6D)
Glen French scores
Juan Castillo to third
Runner from 3rd tries for Home, SAFE, no throw or cutoff
Batting: RHB Walter Brown 0-0: Called Strike
0-1: Swinging Strike
0-2: Ball
1-2: Fielders Choice at 2nd, 1-6 (Groundball, 15)
Batting: RHB Dennis Garner 0-0: Called Strike
0-1: Ball
1-1: Fielders Choice at 2nd, 5-4 (Groundball, 56)
Bottom of the 7th over - 7 run(s), 4 hit(s), 0 error(s), 0 left on base; Amity Gardens 3 - Fort Collins 20
TOP OF THE 8TH
Amity Gardens Westerners batting - Pitching for Fort Collins Commoners : RHP Oscar Murray
Pitching: LHP Dave Hoffman
Now at SS: Manuel Moreno
Now in CF: Darren Ramsey
Batting: RHB Foster Hapgood 0-0: Fly out, F5 (Popup, 5)
Batting: RHB António Molina 0-0: Ball
1-0: Ball
2-0: Ball
3-0: Base on Balls
Batting: RHB Cisco López 0-0: Called Strike
0-1: Ball
1-1: Ball
2-1: Ball
3-1: Base on Balls
António Molina to second
Batting: RHB Mario López 0-0: Ball
1-0: Fly out, F4 (Popup, 9LS)
Batting: RHB Ramiro Sierra 0-0: Ball
1-0: Swinging Strike
1-1: Called Strike
1-2: Ball
2-2: Foul Ball, location: 2F
2-2: Ball
3-2: Strikes out swinging
Top of the 8th over - 0 run(s), 0 hit(s), 0 error(s), 2 left on base; Amity Gardens 3 - Fort Collins 20
BOTTOM OF THE 8TH
Fort Collins Commoners batting - Pitching for Amity Gardens Westerners : RHP José Moreno
Batting: SHB José Gonzáles 0-0: Foul Ball, location: 2F
0-1: Ball
Single, Error in OF, E7, batter to second base
Batting: RHB Rich Henley 0-0: Foul Ball, location: 2F
0-1: Ball
1-1: Ball
2-1: Called Strike
2-2: Ball
3-2: Base on Balls
Batting: LHB Miguel Arteaga 0-0: Fly out, F8 (Flyball, 8LS)
Pinch Hitting: LHB António Chávez 0-0: Ball
José Gonzáles steals 3rd base
Rich Henley to second
1-0: SINGLE (Groundball, 34D)
José Gonzáles scores
Rich Henley to third
Runner from 3rd tries for Home, SAFE, no throw or cutoff
Batting: SHB Darren Ramsey 0-0: Ground out 4-3 (Groundball, 4M)
António Chávez to second
Batting: RHB Juan Castillo 0-0: Ball
1-0: Ball
2-0: SINGLE (Line Drive, 89S)
António Chávez to third
Runner from 3rd tries for Home, SAFE, throw made home
Juan Castillo to second
Batting: RHB Monty Crawford 0-0: SINGLE (Line Drive, 7S)
Juan Castillo to third
Runner from 3rd tries for Home, SAFE, no throw or cutoff
Batting: RHB Walter Brown 0-0: Ball
1-0: SINGLE (Line Drive, 7S)
Monty Crawford to second
Throwing error, E7
Monty Crawford scores
Walter Brown to second
Batting: RHB Manuel Moreno 0-0: DOUBLE (Groundball, 5D)
Walter Brown scores
Pinch Runner at 2nd Lorenzo Vargas:
Batting: SHB José Gonzáles 0-0: Ball
1-0: Ball
2-0: Foul Ball, location: 2F
2-1: Ball
3-1: SINGLE (Line Drive, 4M)
Lorenzo Vargas to third
Runner from 3rd tries for Home, SAFE, throw made home
José Gonzáles to second
Batting: RHB Rich Henley 0-0: Ball
1-0: Foul Ball, location: 2F
1-1: Ball
2-1: Ball
3-1: Swinging Strike
3-2: Foul Ball, location: 2F
3-2: Base on Balls
Batting: LHB Miguel Arteaga 0-0: Ball
1-0: Called Strike
1-1: Ball
2-1: SINGLE (Groundball, 34D)
José Gonzáles to third
Rich Henley to second
Runner from 3rd tries for Home, SAFE, no throw or cutoff
Batting: LHB António Chávez 0-0: Called Strike
0-1: Swinging Strike
0-2: Hit by Pitch
Rich Henley to third
Miguel Arteaga to second
Batting: SHB Darren Ramsey 0-0: Ball
1-0: DOUBLE (Line Drive, 9LM)
Rich Henley scores
Miguel Arteaga scores
António Chávez to third
Runner from 3rd tries for Home, SAFE, throw made home
Batting: RHB Juan Castillo 0-0: Called Strike
0-1: SINGLE (Groundball, 4D)
Darren Ramsey to third
Runner from 3rd tries for Home, SAFE, no throw or cutoff
Batting: RHB Monty Crawford 0-0: Called Strike
Juan Castillo steals 2nd base
0-1: SINGLE (Groundball, 6MD) (infield hit)
Juan Castillo to third
Batting: RHB Walter Brown 0-0: Called Strike
0-1: Called Strike
0-2: Fly out, F9 (Flyball, 89S)
Bottom of the 8th over - 12 run(s), 11 hit(s), 2 error(s), 2 left on base; Amity Gardens 3 - Fort Collins 32
TOP OF THE 9TH
Amity Gardens Westerners batting - Pitching for Fort Collins Commoners : LHP Dave Hoffman
Now at SS: Lorenzo Vargas
Now in LF: António Chávez
Batting: LHB Dan Thompson 0-0: Foul Ball, location: 2F
0-1: Ball
1-1: Ball
2-1: Ball
3-1: Base on Balls
Batting: SHB Ricky Edwards 0-0: Foul Ball, location: 2F
0-1: Grounds into double play, 5-4-3 (Groundball, 5)
Batting: RHB León Delgado 0-0: DOUBLE (Flyball, 78M)
Batting: RHB Mike Allen 0-0: Ground out 5-3 (Groundball, 5)
Top of the 9th over - 0 run(s), 1 hit(s), 0 error(s), 1 left on base; Amity Gardens 3 - Fort Collins 32
Monday, December 5th, 2016 - OOTP Baseball 17.12 Build 75